 Dungeon Sprint DCSS version 0.29.1-4-g47bece8355 (webtiles) character file.

Game seed: 8817001600973787030

23038 boopmooplesden the Executioner (level 12, -9/137 HPs)
             Began as a Minotaur Berserker on Dec 11, 2022.
             Was the Champion of Trog.
             Killed from afar by a frost giant (29 damage)
             ... with a bolt of cold
             ... in the Dungeon (Sprint IX: "|||||||||||||||||||||||||||||").
             The game lasted 00:06:13 (3327 turns).

boopmooplesden the Executioner (Minotaur Berserker) Turns: 3327, Time: 00:06:14

Health: -9/137     AC: 28    Str: 27    XL:     12   Next: 68%
Magic:  21/21      EV: 13    Int:  9    God:    Trog [******]
Gold:   1865       SH:  0    Dex: 16    Spells: 11/11 levels left

rFire   . . .      SeeInvis .   x - +6 battleaxe "Raifug" {flame, rPois Dex+6}
rCold   . . .      Faith    .   (shield currently unavailable)
rNeg    . . .      Spirit   .   G - +2 plate armour
rPois   +          Reflect  .   r - +3 hat of Pondering {ponderous, Will+ MP+10 Int+5}
rElec   .          Harm     .   z - +0 cloak
rCorr   .          Rampage  .   y - +0 pair of gloves
Will    +....      NoTele   +   A - +0 pair of boots
Stlth   ..........              (no amulet)
HPRegen 0.32/turn               (no ring)
MPRegen 0.17/turn               (no ring)

@: on berserk cooldown, slowed, very slow
A: horns 2, retaliatory headbutt
a: Renounce Religion, Berserk, Trog's Hand, Brothers in Arms


You were in the Dungeon.
You worshipped Trog.
Trog was exalted by your worship.
You visited 1 branch You collected 1915 gold pieces.
You spent 50 gold pieces at shops.

Inventory:

Hand Weapons
 a - a +0 hand axe
 i - a +2 hand axe of freezing
 l - a +3 war axe of flaming
 q - a +4 executioner's axe of flaming
 x - the +6 battleaxe "Raifug" (weapon) {flame, rPois Dex+6}
   (Trog gifted it to you in the Dungeon)

   It burns those it strikes, dealing additional fire damage.
   Big, fiery blades are also staple armaments of hydra-hunters.
   Dex:       It affects your dexterity (+6).
   rPois:     It protects you from poison.
 B - a +1 vorpal glaive
 F - the +12 falchion "Dragonslayer" {venom, rElec rF+ Dex+4}
   (You found it in the Dungeon)

   It poisons the flesh of those it strikes.
   Dex:       It affects your dexterity (+4).
   rF:        It protects you from fire.
   rElec:     It insulates you from electricity.
Missiles
 s - 4 javelins (quivered)
Armour
 b - a +0 animal skin
 o - a +1 scale mail
 p - a +0 plate armour
 r - the +3 hat of Pondering (worn) {ponderous, Will+ MP+10 Int+5}
   (You took it off Gastronok in the Dungeon)

   Int:       It affects your intelligence (+5).
   MP:        It affects your magic capacity (+10).
   Will:      It increases your willpower.
 y - a +0 pair of gloves (worn)
 z - a +0 cloak (worn)
 A - a +0 pair of boots (worn)
 G - a +2 plate armour (worn)
 H - a +1 tower shield
Jewellery
 m - a +3 ring of dexterity
 n - a +3 ring of intelligence
 v - a ring of see invisible
 C - a ring of protection from cold
 D - a +6 ring of intelligence
 E - a ring of protection from fire
Wands
 k - a wand of light (10)
Scrolls
 h - 5 scrolls of blinking
 u - a scroll of identify
 w - 3 scrolls of fear
 J - 2 scrolls of enchant armour
 K - a scroll of fog
Potions
 c - 5 potions of curing
 d - 10 potions of heal wounds
 e - a potion of haste
 f - 4 potions of magic
 g - 2 potions of berserk rage
 j - a potion of invisibility
 t - a potion of resistance
 I - a potion of might


   Skills:
 + Level 22.0 Fighting
 + Level 25.3 Axes
 + Level 17.6 Armour
 + Level 10.5 Dodging


You had 11 spell levels left.
You didn't know any spells.
Your spell library was empty.

Dungeon Overview and Level Annotations

Branches:
Dungeon (1/1)

Altars:
Cheibriados
Dithmenos
Elyvilon
Fedhas
Gozag
Hepliaklqana
Kikubaaqudgha
Makhleb
Nemelex Xobeh
Okawaru
Qazlal
Ru
Sif Muna
Trog
Uskayaw
Vehumet
Wu Jian
Xom
Yredelemnul
Zin
The Shining One
Jiyva
Lugonu

Shops:
D *(([


Innate Abilities, Weirdness & Mutations

You have a pair of horns on your head.
You reflexively headbutt those who attack you in melee.


Message History

The wizard casts a spell.
The wizard blinks!
You slice the deep elf pyromancer!! You burn the deep elf pyromancer.
You headbutt the deep elf pyromancer!
You kill the deep elf pyromancer!
Trog accepts your kill.
Trog appreciates your killing of a magic user.
The deep troll earth mage bites you!!
The deep troll earth mage claws you but does no damage.
The deep troll earth mage closely misses you.
Things that are here:
a +0 rapier; 6 large rocks; a stone giant corpse You slice the deep troll earth mage!!
You burn the deep troll earth mage!
Your headbutt misses the deep troll earth mage.
The deep troll earth mage is severely wounded.
The deep troll earth mage bites you but does no damage.
The deep troll earth mage barely misses you. x2
The wizard mumbles some strange words.
The wizard flickers and vanishes!
Deactivating autopickup; reactivate with Ctrl-A.
You open the deep troll earth mage like a pillowcase!!!
You burn the deep troll earth mage.
You kill the deep troll earth mage!
Trog accepts your kill.
Trog appreciates your killing of a magic user.
The troll leather armour is intact enough to wear.
The frost giant points at you and mumbles some strange words.
The bolt of cold misses you.
The frost giant gestures at you while chanting.
The bolt of cold hits you!!
* * * LOW HITPOINT WARNING * * *
Your Fighting skill increases to level 22!
Your cyclops goes berserk!
The frost giant casts a spell at you. The bolt of cold hits you!
* * * LOW HITPOINT WARNING * * *
The bolt of cold hits your cyclops!!!
The frost giant points at you and mumbles some strange words.
The bolt of cold hits you!!
You die...

▓.▓.▓.▓)▓.▓.▓.▓
▓.▓.▓.▓.▓'▓.▓.▓
▓{▓.▓.▓.▓.▓.▓.▓
▓.▓.▓∩▓.▓!▓.▓)▓
▓u▓.▓.▓.▓)▓.▓)▓
▓D▓)▓∩▓)▓(▓.▓.▓
▓C▓.▓.▓)▓.▓.▓.▓
▓)▓.▓∩▓.▓.▓.▓.▓
▓@▓.▓)▓.▓.▓.▓[▓
▓C▓.▓∩▓.▓.▓.▓[▓
▓)▓.▓.▓.▓†▓.▓.▓
▓)▓.▓)▓.▓†▓.▓)▓
▓)▓.▓)▓.▓)▓.▓?▓
▓)▓.▓)▓.▓.▓.▓.▓
▓.▓.▓)▓.▓'▓.▓'▓
▓.▓.▓)▓.▓.▓.▓_▓
▓.▓.▓)▓.▓.▓.▓_▓


You could see a frost giant (ally target), a fire dragon, a purple ugly thing
and a friendly cyclops (summoned, berserk).

Vanquished Creatures
  A lich (D)
  Gastronok (D)
  A stone giant (D)
  2 hydras (D)
  2 centaur warriors (D)
  A tengu warrior (D)
  A two-headed ogre (D)
  A death yak (D)
  A deep troll earth mage (D)
  Urug (D)
  4 orc high priests (D)
  Sonja (D)
  A skeletal warrior (D)
  A lindwurm (D)
  2 orc knights (D)
  A deep elf pyromancer (D)
  An ugly thing (D)
  4 orc sorcerers (D)
  An elephant (D)
  4 cane toads (D)
  Psyche (D)
  2 komodo dragons (D)
  A troll (D)
  2 tyrant leeches (D)
  4 polar bears (D)
  3 slime creatures (D)
  Eustachio (D)
  A basilisk (D)
  2 yaks (D)
  Grum (D)
  A vampire mosquito (D)
  A water moccasin (D)
  14 orc warriors (D)
  2 wolves (D)
  A kobold brigand (D)
  A gnoll sergeant (D)
  2 bullfrogs (D)
  A howler monkey (D)
  2 orc priests (D)
  3 orc wizards (D)
  An iguana (D)
  A gnoll (D)
  An adder (D)
  5 worms (D)
  11 orcs (D)
  An endoplasm (D)
  A goblin (D)
  2 kobolds (D)
  A bat (D)
102 creatures vanquished.

Vanquished Creatures (collateral kills)
  An orc high priest (D)
  An orc knight (D)
  An orc (D)
3 creatures vanquished.

Grand Total: 105 creatures vanquished

Notes
Turn   | Place    | Note
-------+----------+-------------------------------------------
     0 | D        | boopmooplesden the Minotaur Berserker began the quest for
                  | the Orb.
     0 | D        | Reached XP level 1. HP: 19/19 MP: 0/0
     7 | D        | Reached skill level 4 in Axes
    11 | D        | Reached ** piety under Trog
   145 | D        | Noticed an iguana
   151 | D        | Reached skill level 5 in Fighting
   151 | D        | Reached skill level 5 in Axes
   151 | D        | Reached XP level 2. HP: 15/29 MP: 1/1
   153 | D        | Reached *** piety under Trog
   157 | D        | Reached XP level 3. HP: 12/36 MP: 2/2
   160 | D        | Reached skill level 6 in Axes
   399 | D        | Found a snail-covered altar of Cheibriados.
   399 | D        | Found a shadowy altar of Dithmenos.
   399 | D        | Found a white marble altar of Elyvilon.
   399 | D        | Found a blossoming altar of Fedhas.
   399 | D        | Found an opulent altar of Gozag.
   400 | D        | Found a hazy altar of Hepliaklqana.
   401 | D        | Found a viscous altar of Jiyva.
   402 | D        | Found an ancient bone altar of Kikubaaqudgha.
   403 | D        | Found a corrupted altar of Lugonu.
   404 | D        | Found a burning altar of Makhleb.
   405 | D        | Found a sparkling altar of Nemelex Xobeh.
   406 | D        | Found an iron altar of Okawaru.
   407 | D        | Found a stormy altar of Qazlal.
   408 | D        | Found a sacrificial altar of Ru.
   409 | D        | Found a shimmering blue altar of Sif Muna.
   410 | D        | Found a bloodstained altar of Trog.
   411 | D        | Found a hide-covered altar of Uskayaw.
   412 | D        | Found a radiant altar of Vehumet.
   413 | D        | Found an ornate altar of the Wu Jian Council.
   414 | D        | Found a shimmering altar of Xom.
   415 | D        | Found a basalt altar of Yredelemnul.
   416 | D        | Found a glowing silver altar of Zin.
   417 | D        | Found a glowing golden altar of the Shining One.
   658 | D        | Noticed an orc warrior
   658 | D        | Noticed a two-headed ogre
   658 | D        | Noticed a kobold brigand
   658 | D        | Noticed an orc warrior
   664 | D        | Killed an orc warrior
   665 | D        | Reached skill level 8 in Axes
   665 | D        | Reached XP level 4. HP: 43/48 MP: 3/3
   665 | D        | Reached XP level 5. HP: 47/53 MP: 4/4
   666 | D        | Reached **** piety under Trog
   667 | D        | Reached skill level 9 in Axes
   670 | D        | Reached skill level 10 in Axes
   670 | D        | Reached skill level 5 in Armour
   670 | D        | Reached skill level 5 in Dodging
   671 | D        | Killed a two-headed ogre
   672 | D        | Reached skill level 13 in Axes
   672 | D        | Reached XP level 6. HP: 59/69 MP: 5/5
   672 | D        | Reached XP level 7. HP: 64/75 MP: 6/6
   677 | D        | Reached skill level 14 in Axes
   677 | D        | Reached ***** piety under Trog
   850 | D        | Noticed a slime creature
   850 | D        | Noticed a troll
   850 | D        | Noticed a slime creature
   850 | D        | Noticed a six-headed hydra
   850 | D        | Noticed a vampire mosquito
   856 | D        | Killed a three-headed hydra
   857 | D        | Reached skill level 15 in Axes
   857 | D        | Reached XP level 8. HP: 85/85 MP: 7/7
   860 | D        | Killed a slime creature
   861 | D        | Reached skill level 16 in Axes
   868 | D        | Killed a troll
   869 | D        | Reached XP level 9. HP: 93/93 MP: 8/8
   872 | D        | Received a gift from Trog
   873 | D        | Reached skill level 17 in Axes
  1090 | D        | Noticed Gastronok
  1101 | D        | Killed Gastronok
  1102 | D        | Reached skill level 18 in Axes
  1102 | D        | Reached skill level 10 in Armour
  1272 | D        | Noticed Urug
  1279 | D        | Killed Urug
  1280 | D        | Reached skill level 19 in Axes
  1280 | D        | Reached XP level 10. HP: 32/104 MP: 9/9
  1617 | D        | Noticed an elephant
  1617 | D        | Noticed an eight-headed hydra
  1621 | D        | Killed a six-headed hydra
  1621 | D        | Reached ****** piety under Trog
  1627 | D        | Noticed a cane toad
  1629 | D        | Reached skill level 15 in Fighting
  1631 | D        | Identified the +6 battleaxe "Raifug" {flame, rPois Dex+6}
                  | (Trog gifted it to you in the Dungeon)
  1631 | D        | Received a gift from Trog
  1632 | D        | Killed an elephant
  1633 | D        | Reached skill level 20 in Axes
  1641 | D        | Killed a cane toad
  1706 | D        | Noticed a cane toad
  1706 | D        | Noticed a cane toad
  1706 | D        | Noticed a cane toad
  1709 | D        | Killed a cane toad
  1711 | D        | Killed a cane toad
  1712 | D        | Reached skill level 21 in Axes
  1714 | D        | Killed a cane toad
  1714 | D        | Noticed a death yak
  1717 | D        | Received a gift from Trog
  1726 | D        | Killed a death yak
  1727 | D        | Reached XP level 11. HP: 114/114 MP: 10/10
  1731 | D        | Reached skill level 22 in Axes
  1941 | D        | Noticed a lindwurm
  1952 | D        | Received a gift from Trog
  1962 | D        | Killed a lindwurm
  1969 | D        | Reached skill level 10 in Dodging
  2186 | D        | Noticed Eustachio
  2193 | D        | Killed Eustachio
  2196 | D        | Noticed Grum
  2204 | D        | Killed Grum
  2204 | D        | Received a gift from Trog
  2269 | D        | Noticed an orc high priest
  2284 | D        | Killed an orc high priest
  2284 | D        | Received a gift from Trog
  2285 | D        | Reached skill level 15 in Armour
  2298 | D        | Received a gift from Trog
  2406 | D        | Noticed an orc knight
  2410 | D        | Noticed an orc knight
  2411 | D        | Received a gift from Trog
  2417 | D        | Reached skill level 23 in Axes
  2419 | D        | Killed an orc knight
  2427 | D        | Killed an orc knight
  2688 | D        | Found Pejyn's Armour Boutique.
  2688 | D        | Noticed an orc sorcerer
  2688 | D        | Noticed an orc high priest
  2688 | D        | Noticed an orc sorcerer
  2688 | D        | Noticed an orc high priest
  2692 | D        | Killed an orc high priest
  2692 | D        | Received a gift from Trog
  2693 | D        | Killed an orc sorcerer
  2696 | D        | Found Worcha's Antique Weapon Shop.
  2698 | D        | Killed an orc high priest
  2702 | D        | Killed an orc sorcerer
  2703 | D        | Found Uxeong's Weapon Boutique.
  2703 | D        | Noticed an orc high priest
  2706 | D        | Received a gift from Trog
  2709 | D        | Noticed an orc sorcerer
  2710 | D        | Found Ukkacs's General Store.
  2714 | D        | Killed an orc high priest
  2715 | D        | Noticed an orc sorcerer
  2717 | D        | Noticed an orc knight
  2717 | D        | Noticed an orc high priest
  2718 | D        | Killed an orc sorcerer
  2719 | D        | Reached skill level 24 in Axes
  2724 | D        | Killed an orc sorcerer
  2725 | D        | Reached XP level 12. HP: 41/130 MP: 11/11
  2736 | D        | Killed an orc high priest
  2736 | D        | Received a gift from Trog
  2795 | D        | Bought a potion of heal wounds for 50 gold pieces
  2886 | D        | Noticed Psyche
  2893 | D        | Killed Psyche
  2899 | D        | Noticed Sonja
  2903 | D        | Killed Sonja
  3148 | D        | Got the +12 falchion "Dragonslayer" {venom, rElec rF+
                  | Dex+4}
  3289 | D        | Noticed a tengu warrior
  3289 | D        | Noticed a centaur warrior
  3289 | D        | Noticed a centaur warrior
  3297 | D        | Killed a centaur warrior
  3300 | D        | Killed a centaur warrior
  3301 | D        | Noticed a stone giant
  3304 | D        | Killed a tengu warrior
  3304 | D        | Received a gift from Trog
  3308 | D        | Noticed a lich
  3310 | D        | Noticed a deep troll earth mage
  3312 | D        | Noticed a frost giant
  3315 | D        | Noticed a fire dragon
  3317 | D        | Killed a stone giant
  3318 | D        | Reached skill level 25 in Axes
  3321 | D        | Killed a lich
  3321 | D        | Received a gift from Trog
  3325 | D        | Killed a deep troll earth mage
  3327 | D        | Killed from afar by a frost giant

Illustrated notes

Levels and vault maps discovered:
D:        linesprint [early_d, line_temple, items_1, d_10, items_2, lair_1,
          lair_end, items_3, orc_1, orc_end, items_4, d_15, swamp_1, shoals_1,
          snake_1, spider_1, d_20, vaults_1, items_5, swamp_end, shoals_end,
          snake_end, spider_end, vaults_end, d_27, items_6, zot_1, zot_end,
          crypt_end, forest_end, elf_end, slime_end, tomb_end, abyss_end,
          pan_hell_end]

Skill      XL: |  1  2  3  4  5  6  7  8  9 10 11 12 |
---------------+-------------------------------------+-----
Fighting       | 5 7 11 12 13 14 16 19 22 | 22.0
Axes           | 5 8 13 15 16 19 21 24 25 | 25.3
Armour         | 3 4 7 8 11 13 16 17 | 17.6
Dodging        | 3 4 7 8 9 10 | 10.5

Action                   |  1- 3 |  4- 6 |  7- 9 | 10-12 || total
-------------------------+-------+-------+-------+-------++-------
Melee: Hand axe          |    21 |       |       |       ||    21
       Headbutt          |     2 |     3 |     9 |    40 ||    54
       War axe           |     5 |     6 |    23 |       ||    34
       Executioner's axe |       |       |    11 |    21 ||    32
       Battleaxe         |       |       |       |   163 ||   163
Invok: Berserk           |     2 |       |     1 |     6 ||     9
       Trog's Hand       |       |       |       |     1 ||     1
       Brothers in Arms  |       |       |       |     3 ||     3
  Use: Potion            |       |       |       |     2 ||     2
       Scroll            |       |       |       |     2 ||     2
Armor: Scale mail        |     1 |     1 |       |       ||     2
       Plate armour      |       |       |     6 |    71 ||    77
Dodge: Dodged            |     7 |     3 |    10 |    65 ||    85
